 Dungeon Crawl Stone Soup version 0.18.1-48-g4cf74bf (console) character file.

1398 Kloppie the Spear-Bearer (level 8, 0/69 HPs)
             Began as a Merfolk Berserker on Sept 2, 2016.
             Was a Priest of Trog.
             Slain by an iron imp (1 damage)
             ... on level 6 of the Dungeon.
             The game lasted 00:09:12 (6008 turns).

Kloppie the Spear-Bearer (Merfolk Berserker)        Turns: 6008, Time: 00:09:13

Health: 0/69       AC:  8    Str: 17    XL:     8   Next: 69%
Magic:  8/8        EV: 13    Int:  7    God:    Trog [***...]
Gold:   198        SH:  0    Dex: 13    Spells: 0 memorised, 7 levels left

rFire  . . .     SeeInvis .     a - +1 trident
rCold  . . .     Gourm    .     m - +0 scale mail
rNeg   . . .     Faith    .     (no shield)
rPois  +         Spirit   .     b - +1 hat
rElec  .         Dismiss  .     B - +0 cloak
rCorr  .         Reflect  .     (no gloves)
SustAt .         Harm     .     (no boots)
MR     ++...                    (no amulet)
Stlth  ..........               C - ring of poison resistance
                                r - +3 ring of evasion

@: regenerating, very resistant to hostile enchantments, extremely unstealthy
A: change form in water, swift swim, clumsy 1
a: Berserk, Trog's Hand, Burn Spellbooks, Renounce Religion


You were on level 6 of the Dungeon.
You worshipped Trog.
Trog was most pleased with you.
You were not hungry.

You visited 1 branch of the dungeon, and saw 6 of its levels.

You collected 198 gold pieces.

Inventory:

Hand Weapons
 a - a +1 trident (weapon)
Armour
 b - a +1 hat (worn)
 m - a +0 scale mail (worn)
 B - a +0 cloak (worn)
Jewellery
 n - an uncursed ring of fire
 p - an uncursed ring of fire
 r - a +3 ring of evasion (left hand)
 v - an uncursed ring of fire
 C - a ring of poison resistance (right hand)
Wands
 y - a wand of lightning (8/15)
Scrolls
 d - 3 scrolls of fog
 h - 2 scrolls of enchant weapon
 i - 7 scrolls of remove curse
 s - a scroll of enchant armour
 t - a scroll of fear
 A - a scroll of magic mapping
Potions
 e - a potion of magic
 g - 2 potions of heal wounds {unknown}
 j - a potion of might
 l - 2 potions of curing
 o - a potion of cure mutation
 q - a potion of brilliance
 u - a potion of agility {unknown}
 w - a potion of cancellation {unknown}
 x - a potion of lignification {unknown}
 z - 2 potions of flight {unknown}
Comestibles
 c - 3 bread rations
 f - 4 meat rations
 k - a slice of pizza


   Skills:
 + Level 8.7 Fighting
 + Level 11.2 Polearms
 - Level 1.3 Armour
 - Level 2.6 Dodging


You had 7 spell levels left.
You didn't know any spells.

Dungeon Overview and Level Annotations

Branches:
Dungeon (6/15)             Temple (0/1) D:4

Altars:
Ashenzari
Cheibriados
Dithmenos
Elyvilon
Nemelex Xobeh
Pakellas
Qazlal
Sif Muna
Vehumet
Xom


Innate Abilities, Weirdness & Mutations

You revert to your normal form in water.
You are very nimble and swift while swimming.
You are clumsy. (Dex -2)


Message History

You are too injured to fight recklessly!
You are too injured to fight recklessly!
You are too injured to fight recklessly!
You are too injured to fight recklessly!
Your skin crawls.
You feel resistant to hostile enchantments.
You feel slightly more hungry.
You can no longer call in reinforcements.
The orc warrior hits you from afar with a trident!
* * * LOW HITPOINT WARNING * * *
The crimson imp blinks!
The iron imp hits you but does no damage.
You hit the iron imp.
The iron imp is severely wounded.
The orc warrior hits you from afar with a trident!!
* * * LOW HITPOINT WARNING * * *
You hit the iron imp.
The iron imp is almost dead.
The iron imp hits you.
You die...

._......#.......#
.......##..)...##
....... ###o..##
....### #5###
.... ##.## ...
#..o# .. #...#
#...#####
#####...#o5@##
###...5...o###.#
...<.......#
#........
###........#
#.#(#.##.
#####...#...##.#
#...##### . #...#
#. #...# .# ##.##
#


You could see an orc warrior, an iron imp, a crimson imp and an orc.

Vanquished Creatures
  Edmund (D:4)
  An ice beast (D:6)
  A sky beast (D:5)
  A black bear (D:6)
  An ogre (D:4)
  A phantom (D:5)
  The ghost of MaCx the Magician, an amateur GrWz (D:3)
  A howler monkey (D:5)
  2 hounds
  4 orc priests
  2 orc wizards (D:5)
  Terence (D:3)
  An iguana (D:5)
  8 worker ants
  5 adders
  4 gnolls (D:4)
  2 river rats (D:3)
  2 oozes (D:3)
  An adder skeleton (D:4)
  A worm (D:3)
  2 giant geckos (D:3)
  32 orcs
  8 bats
  9 giant cockroaches
  5 goblins
  5 hobgoblins
  11 jackals
  4 kobolds
  3 quokkas
  5 ball pythons
  A giant gecko skeleton (D:5)
  3 giant newts
  9 rats
138 creatures vanquished.

Notes
Turn   | Place    | Note
--------------------------------------------------------------
     0 | D:1      | Kloppie the Merfolk Berserker began the quest for the Orb.
     0 | D:1      | Reached XP level 1. HP: 18/18 MP: 1/1
   271 | D:1      | Reached XP level 2. HP: 22/24 MP: 2/2
   377 | D:1      | Reached skill level 5 in Polearms
  1056 | D:2      | Reached XP level 3. HP: 24/30 MP: 3/3
  1059 | D:2      | Reached ** piety under Trog
  1427 | D:2      | Found a deep blue altar of Sif Muna.
  1567 | D:2      | Found a sparkling altar of Nemelex Xobeh.
  1569 | D:2      | Found a radiant altar of Vehumet.
  1642 | D:2      | Reached skill level 6 in Polearms
  1642 | D:2      | Reached XP level 4. HP: 37/37 MP: 4/4
  1824 | D:3      | Noticed Terence
  1840 | D:3      | Killed Terence
  1907 | D:3      | Reached XP level 5. HP: 23/43 MP: 5/5
  2319 | D:3      | Found a shadowy altar of Dithmenos.
  2372 | D:3      | Reached skill level 7 in Polearms
  2430 | D:3      | Found a white marble altar of Elyvilon.
  2549 | D:3      | Noticed MaCx's ghost (amateur GrWz)
  2585 | D:3      | Killed MaCx's ghost
  2585 | D:3      | Reached skill level 5 in Fighting
  2585 | D:3      | Reached XP level 6. HP: 26/51 MP: 6/6
  2993 | D:3      | Reached *** piety under Trog
  3236 | D:4      | Found a stormy altar of Qazlal.
  3365 | D:4      | Noticed a fire elemental
  3450 | D:4      | Found a staircase to the Ecumenical Temple.
  3478 | D:4      | Reached skill level 8 in Polearms
  3649 | D:4      | Found an oddly glowing altar of Pakellas.
  3711 | D:4      | Noticed an air elemental
  3712 | D:4      | Noticed a water elemental
  3853 | D:4      | Reached XP level 7. HP: 48/58 MP: 7/7
  3964 | D:4      | Noticed Edmund
  3976 | D:4      | Killed Edmund
  3976 | D:4      | Reached skill level 9 in Polearms
  4552 | D:5      | Entered Level 5 of the Dungeon
  4829 | D:5      | Found a shimmering altar of Xom.
  4834 | D:5      | Found a shimmering altar of Xom.
  4835 | D:5      | Found a shimmering altar of Xom.
  4835 | D:5      | Found a shimmering altar of Xom.
  4835 | D:5      | Found a shimmering altar of Xom.
  4924 | D:5      | Received a gift from Trog
  4924 | D:5      | Reached XP level 8. HP: 67/67 MP: 8/8
  4953 | D:5      | Reached skill level 10 in Polearms
  5129 | D:5      | Found a shattered altar of Ashenzari.
  5194 | D:5      | Found a shattered altar of Ashenzari.
  5302 | D:5      | Gained mutation: You are clumsy. (Dex -2) [mutagenic meat]
  5596 | D:6      | Reached **** piety under Trog
  5947 | D:6      | Reached skill level 11 in Polearms
  5973 | D:6      | Found a snail-covered altar of Cheibriados.
  6007 | D:6      | HP: 1/69 [orc warrior/trident (18)]
  6008 | D:6      | Slain by an iron imp

Skill      XL: |  1  2  3  4  5  6  7  8 |
---------------+-------------------------+-----
Polearms       | 5 6 7 8 9 11 | 11.2
Fighting       | 4 5 6 7 8 |  8.7
Armour         | |  1.3
Dodging        | |  2.6

Action                   |  1- 3 |  4- 6 |  7- 9 || total
-------------------------+-------+-------+-------++-------
Melee: Spear             |   160 |   296 |    39 ||   495
       Trident           |       |       |   221 ||   221
Invok: Berserk           |     3 |     4 |     3 ||    10
       Trog's Hand       |       |     1 |     3 ||     4
  Use: Scroll            |       |       |    15 ||    15
 Stab: Sleeping          |     2 |       |       ||     2
  Eat: Chunk             |     4 |    13 |     9 ||    26
       Royal jelly       |       |       |     1 ||     1
Armor: Animal skin       |     9 |       |       ||     9
       Scale mail        |    38 |    60 |    50 ||   148
Dodge: Dodged            |    80 |    90 |    93 ||   263
